 Dungeon Crawl Stone Soup version 0.21.0-3-g78d12a8 (webtiles) character file.

10 Ignatius881 the Firebug (level 2, 0/15 HPs)
             Began as a Deep Elf Fire Elementalist on Jan 9, 2018.
             Slain by a kobold (2 damage)
             ... on level 2 of the Dungeon.
             The game lasted 00:03:05 (569 turns).

Ignatius881 the Firebug (Deep Elf Fire Elementalist) Turns: 569, Time: 00:03:06

Health: 0/15       AC:  2    Str:  5    XL:     2   Next: 10%
Magic:  3/8        EV: 13    Int: 19    God:
Gold:   15         SH:  5    Dex: 15    Spells: 4/7 levels left

rFire    . . .     SeeInvis .   (no weapon)
rCold    . . .     Gourm    .   (no shield)
rNeg     . . .     Faith    .   a - +0 robe
rPois    .         Spirit   .   (no helmet)
rElec    .         Reflect  +   (no cloak)
rCorr    .         Harm     .   (no gloves)
MR       .....                  (no boots)
Stlth    ++........             f - +5 amulet of reflection
HPRegen  0.05/turn              (no ring)
MPRegen  0.11/turn              (no ring)

@: no status effects
A: no striking features
a: no special abilities


You were on level 2 of the Dungeon.
You were not hungry.

You visited 1 branch of the dungeon, and saw 2 of its levels.

You collected 15 gold pieces.

Inventory:

Armour
 a - a +0 robe (worn)
Jewellery
 f - a +5 amulet of reflection (around neck)
   (You found it on level 1 of the Dungeon)
Scrolls
 i - a scroll of identify {unknown}
Potions
 d - a potion of agility {unknown}
 g - a potion of invisibility {unknown}
 h - a potion of mutation {unknown}
Books
 b - a book of Flames
Comestibles
 e - a ration


   Skills:
 - Level 2.4 Dodging
 - Level 2.4 Stealth
 + Level 3.2 Spellcasting
 * Level 1.9 Conjurations
 + Level 3.4 Fire Magic


You had 4 spell levels left.
You knew the following spells:

 Your Spells              Type           Power        Failure   Level  Hunger
a - Flame Tongue          Conj/Fire      ##...        4%          1    None
b - Throw Flame           Conj/Fire      ##....       8%          2    ##.....


Dungeon Overview and Level Annotations

Branches:
Dungeon (1/15)

Altars:


Message History

The bat closely misses you. You block the bat's attack.
You block the bat's attack.
You see here 5 gold pieces.
You block the bat's attack. The bat closely misses you. The bat misses you.
The bat barely misses you. The bat misses you. You block the bat's attack.
The bat closely misses you. The bat barely misses you. The bat hits you.
* * * LOW HITPOINT WARNING * * *
Aim: a bat The puff of flame hits the bat.
You kill the bat!
The bat barely misses you. The bat hits you but does no damage.
Aim: a bat The puff of flame misses the bat.
The bat closely misses you.
Aim: a bat The puff of flame misses the bat.
The bat hits you but does no damage.
Aim: a bat The puff of flame hits the bat.
You kill the bat!
You block the gnoll's attack.
You don't know that spell.
Found a ration.
Found 16 gold pieces.
Aim: a gnoll, wielding a club The flame tongue hits the gnoll.
The gnoll hits you with a club.
* * * LOW HITPOINT WARNING * * *
You see here a ration.
Found a cloak.
A goblin comes into view. 2 bats come into view.
You hit the kobold.
The goblin shouts!
The bat moves out of view.
The kobold hits you but does no damage.
You barely miss the kobold. The kobold misses you.
You closely miss the kobold. The kobold hits you.
* * * LOW HITPOINT WARNING * * *
You barely miss the kobold. The kobold closely misses you.
You closely miss the kobold. You block the kobold's attack.
You barely miss the kobold. The kobold closely misses you.
You closely miss the kobold. The kobold closely misses you.
You hit the kobold but do no damage. The kobold misses you.
You hit the kobold. The kobold closely misses you.
You closely miss the kobold. The kobold hits you but does no damage.
You hit the kobold. You block the kobold's attack.
You hit the kobold but do no damage. The kobold hits you but does no damage.
You barely miss the kobold. The kobold misses you.
You hit the kobold. The kobold closely misses you.
You hit the kobold but do no damage. The kobold hits you.
You die...

#......
....[.######## ...
.......$####### ..
#.####..#..... #b
##...%.........
#b###..####..##....
#gg...## #.#######
##K#### #.# #@# #.#
#.# #.# ### #.# #.#


You could see a gnoll, a goblin, 2 bats and a kobold.

Vanquished Creatures
  2 bats (D:2)
  2 goblins (D:1)
  2 hobgoblins (D:1)
  2 kobolds (D:1)
  2 rats (D:1)
10 creatures vanquished.

Notes
Turn   | Place    | Note
-------+----------+-------------------------------------------
     0 | D:1      | Ignatius881 the Deep Elf Fire Elementalist began the quest for the Orb.
     0 | D:1      | Reached XP level 1. HP: 10/10 MP: 6/6
   320 | D:1      | Reached XP level 2. HP: 15/15 MP: 2/8
   375 | D:1      | Learned a level 2 spell: Throw Flame
   436 | D:1      | You fall through a shaft!
   569 | D:2      | Slain by a kobold

Action                   || total
-------------------------++-------
Melee: Unarmed           ||    20
 Cast: Flame Tongue      ||    17
       Throw Flame       ||     6
Armor: Robe              ||    19
Dodge: Dodged            ||    42
Block: Other             ||    17
